[Event "Titled Tuesday Blitz February 14 Late 2023"]
[White "Gurevich, Ilya"]
[Black "Karas, Marek"]
[WhiteFideId "2000628"]
[BlackFideId "14928558"]
[WhiteElo "2586"]
[BlackElo "2227"]
[Result "0-1"]
[Round "03"]
[TimeControl "180+2"]
[Date "2023.02.14"]
[WhiteClock "0:00:01"]
[BlackClock "0:00:30"]

1. d4 g6 2. c4 Bg7 3. e4 d6 4. Nc3 Nc6 5. d5 Nd4 6. Be3 c5 7. Bd3 Nf6 8. Nge2 Ng4 9. O-O Nxe3 10. fxe3 Nxe2+ 11. Qxe2 O-O 12. Qd2 Be5 13. Rab1 a5 14. a3 Kg7 15. Ne2 e6 16. Rf2 Qh4 17. g3 Qh3 18. Nf4 Qh6 19. Rbf1 g5 20. Ng2 Bd7 21. Ne1 Qh3 22. Nf3 f6 23. Nxe5 fxe5 24. Rxf8 Rxf8 25. Rxf8 Kxf8 26. Qxa5 Ke7 27. Qe1 Qg4 28. Qe2 Qxe2 29. Bxe2 h6 30. Bg4 Ba4 31. Bxe6 Bc2 32. b4 Bxe4 33. bxc5 dxc5 34. Bg8 Bd3 35. Kf2 Kd6 36. e4 Bxe4 37. Ke3 Bf5 38. Kd2 b6 39. Bf7 Bh3 40. Bg6 Bd7 41. Be4 b5 42. cxb5 Bxb5 43. Kc3 Kc7 44. Bf3 Bf1 45. Bd1 c4 46. Bf3 Kd6 47. a4 Kc5 48. a5 Bd3 49. a6 e4 0-1


[Site "https://www.chess.com"]

[Event "Titled Tuesday Blitz February 14 Late 2023"]
[White "Prem, Pranav"]
[Black "Levine, David"]
[WhiteFideId "30901057"]
[BlackFideId "2011611"]
[WhiteElo "2061"]
[BlackElo "2040"]
[Result "1-0"]
[Round "03"]
[TimeControl "180+2"]
[Date "2023.02.14"]
[WhiteClock "0:00:41"]
[BlackClock "0:00:02"]

1. d4 d5 2. c4 dxc4 3. Nf3 Nf6 4. e3 e6 5. Bxc4 c5 6. O-O Nc6 7. Nc3 cxd4 8. exd4 Be7 9. Bg5 O-O 10. a3 h6 11. Bf4 b6 12. Re1 Bb7 13. Qd3 Bd6 14. Be5 Bxe5 15. dxe5 Qxd3 16. Bxd3 Nd7 17. Rad1 Rad8 18. Nb5 Ba8 19. Nd6 g6 20. Be4 Ne7 21. Bxa8 Rxa8 22. Nxf7 Kxf7 23. Rxd7 Rfd8 24. Rc7 Kf8 25. h3 g5 26. Rec1 a6 27. Rb7 Rab8 28. Rcc7 Rxb7 29. Rxb7 Nd5 30. Nd4 Re8 31. Rh7 h5 32. Rxh5 Nf4 33. Rh8+ Ke7 34. Nc6+ 1-0


[Site "https://www.chess.com"]

[Event "Titled Tuesday Blitz February 14 Late 2023"]
[White "Cruz Gomez, Miguel Angel"]
[Black "Novikov, Evgenij"]
[WhiteFideId "5137160"]
[BlackFideId "4125380"]
[WhiteElo "1950"]
[BlackElo "2276"]
[Result "1/2-1/2"]
[Round "03"]
[TimeControl "180+2"]
[Date "2023.02.14"]
[WhiteClock "0:00:15"]
[BlackClock "0:00:02"]

1. e4 c5 2. Nc3 Nc6 3. Bb5 g6 4. Bxc6 dxc6 5. f4 Bg7 6. Nf3 Nf6 7. O-O O-O 8. d3 b6 9. Qe1 a5 10. b3 a4 11. Nxa4 Nxe4 12. Bb2 Nf6 13. Ne5 Qc7 14. Qh4 h6 15. Rae1 Re8 16. g4 Rb8 17. g5 Nh5 18. f5 Bxf5 19. Rxf5 gxf5 20. gxh6 Bf6 21. Qxh5 e6 22. Kh1 Kf8 23. h7 Bh8 24. Rg1 Bxe5 25. h8=Q+ Bxh8 26. Qxh8+ Ke7 27. Qf6+ Kd7 28. Rg7 Kc8 29. Rxf7 Qd6 30. Be5 Qd5+ 31. Kg1 Rg8+ 32. Rg7 Rxg7+ 33. Qxg7 Rb7 34. Qg8+ Qd8 35. Qxe6+ Qd7 36. Qg8+ Qd8 37. Qg6 Qd7 38. Nc3 b5 39. Ne2 c4 40. Nd4 cxd3 41. cxd3 c5 42. Qg8+ Qd8 43. Qe6+ Qd7 44. Qg8+ Qd8 45. Qxd8+ Kxd8 46. Nxf5 Ra7 47. a4 bxa4 48. bxa4 Rxa4 49. d4 c4 50. d5 Ra5 51. Ne3 Rc5 52. Kf2 c3 53. Bxc3 Rxc3 54. h4 Kd7 55. Kf3 Kd6 56. Ke4 Rc1 57. Nf5+ Kd7 58. Ke5 Re1+ 59. Kf6 Rh1 60. Kg5 Rg1+ 61. Kh5 Rg2 62. d6 Ke6 63. Ng7+ Rxg7 64. Kh6 Rg3 65. h5 Kd7 66. Kh7 Kxd6 67. h6 Ke7 68. Kh8 Kf7 69. h7 Rh3 1/2-1/2


[Site "https://www.chess.com"]

[Event "Titled Tuesday Blitz February 14 Late 2023"]
[White "Svane, Rasmus"]
[Black "Estrada Nieto, Julian"]
[WhiteFideId "4657101"]
[BlackFideId "5101018"]
[WhiteElo "2623"]
[BlackElo "2215"]
[Result "1-0"]
[Round "03"]
[TimeControl "180+2"]
[Date "2023.02.14"]
[WhiteClock "0:01:53"]
[BlackClock "0:00:36"]

1. Nf3 d5 2. g3 Nf6 3. Bg2 c6 4. O-O Bg4 5. h3 Bh5 6. d4 Nbd7 7. c4 e6 8. cxd5 exd5 9. Ne5 Bg6 10. Nc3 Bd6 11. f4 Be4 12. Nxe4 Nxe4 13. Bxe4 dxe4 14. Qb3 Bxe5 15. dxe5 Qb6+ 16. Be3 Qxb3 17. axb3 a6 18. Ra4 f5 19. Rd1 O-O-O 20. g4 g6 21. Kf2 Nf8 22. Rxd8+ Kxd8 23. Rd4+ Ke7 24. Rb4 b5 25. gxf5 gxf5 26. Bc5+ Kf7 27. Bxf8 Rxf8 28. Rd4 Ke7 29. Rd6 Rc8 30. Rf6 a5 31. Rxf5 c5 32. Rh5 Ke6 33. Rh6+ Ke7 34. f5 c4 35. Rxh7+ Kd8 36. bxc4 bxc4 37. f6 1-0


[Site "https://www.chess.com"]

[Event "Titled Tuesday Blitz February 14 Late 2023"]
[White "Mikaelyan, Arman"]
[Black "Sztokbant, Bernardo Vainzoff"]
[WhiteFideId "13304852"]
[BlackFideId "2115956"]
[WhiteElo "2523"]
[BlackElo "2213"]
[Result "1-0"]
[Round "03"]
[TimeControl "180+2"]
[Date "2023.02.14"]
[WhiteClock "0:00:32"]
[BlackClock "0:00:37"]

1. h3 c5 2. e4 Nc6 3. Nc3 d6 4. Nf3 g6 5. Bc4 Bg7 6. O-O Nf6 7. d3 O-O 8. a3 a6 9. Re1 b5 10. Ba2 Nd7 11. Bf4 Nde5 12. Nxe5 Nxe5 13. Qd2 Bb7 14. Bh6 e6 15. Bxg7 Kxg7 16. f4 Nc6 17. Rf1 Nd4 18. Ne2 Nxe2+ 19. Qxe2 Qh4 20. Rae1 Rae8 21. b4 f5 22. bxc5 dxc5 23. Qe3 fxe4 24. dxe4 c4 25. a4 Re7 26. axb5 axb5 27. Rb1 Bc6 28. Qc5 Bxe4 29. Qe5+ Kh6 30. Qxe4 Rf5 31. c3 e5 32. Rbe1 Ref7 33. Bb1 exf4 34. Rf3 Qf6 35. Qe2 Rg5 36. Ref1 Re7 37. Qf2 Qe5 38. Rxf4 Qxc3 39. Qh4+ Rh5 40. Qxe7 Qe3+ 41. Qxe3 1-0


[Site "https://www.chess.com"]

[Event "Titled Tuesday Blitz February 14 Late 2023"]
[White "Bolourchifard, Farzad"]
[Black "Dzida, Kamil"]
[WhiteFideId "12510084"]
[BlackFideId "21828652"]
[WhiteElo "2292"]
[BlackElo "2352"]
[Result "1/2-1/2"]
[Round "03"]
[TimeControl "180+2"]
[Date "2023.02.14"]
[WhiteClock "0:00:14"]
[BlackClock "0:00:03"]

1. e4 e5 2. Nf3 Nc6 3. Bc4 Nf6 4. d3 Bc5 5. O-O a6 6. c3 Ba7 7. Bb3 d6 8. Nbd2 h6 9. Re1 Be6 10. Nf1 O-O 11. Ng3 Qd7 12. Nh4 d5 13. Qe2 Rad8 14. Nhf5 dxe4 15. dxe4 Qd3 16. Qxd3 Rxd3 17. Bc2 Rd7 18. Be3 Bxe3 19. Nxe3 Rfd8 20. f3 g6 21. Kf2 Na5 22. b3 b5 23. Red1 Nc6 24. Rxd7 Rxd7 25. b4 a5 26. a4 axb4 27. axb5 Ne7 28. cxb4 Rd4 29. Rb1 Nc8 30. Ne2 Rd2 31. Ke1 Rd8 32. Rc1 Nb6 33. Bd1 Ne8 34. Nc3 Rd4 35. Ncd5 Bxd5 36. exd5 Rxb4 37. Be2 Rd4 38. Rc5 Kf8 39. Kf2 Ke7 40. h4 Kd6 41. Rc6+ Kd7 42. Rc5 Rd2 43. h5 Nd6 44. hxg6 fxg6 45. Rc6 Nxb5 46. Ke1 Rxe2+ 47. Kxe2 Nd4+ 48. Kd3 Nxc6 49. dxc6+ Kxc6 50. Ke4 Kd6 51. Ng4 h5 52. Nxe5 g5 53. Nf7+ Ke6 54. Nxg5+ Kf6 55. Nh3 Nc8 56. Nf4 Nd6+ 57. Kd5 Kg5 58. Ne6+ Kh4 59. Nxc7 Nf5 60. Ke5 Ne3 61. Ne6 Nxg2 62. Kf5 Kg3 63. Ng5 h4 64. Kf6 Ne3 65. Kg6 Nd5 66. Kh5 Nf4+ 67. Kh6 Nd3 68. Kh5 Ne5 69. Ne4+ Kxf3 70. Kxh4 1/2-1/2


[Site "https://www.chess.com"]

[Event "Titled Tuesday Blitz February 14 Late 2023"]
[White "Ansh M Shah"]
[Black "Bujisho, Benjamin"]
[WhiteFideId "25033379"]
[BlackFideId "608610"]
[WhiteElo "2171"]
[BlackElo "2338"]
[Result "0-1"]
[Round "03"]
[TimeControl "180+2"]
[Date "2023.02.14"]
[WhiteClock "0:00:06"]
[BlackClock "0:00:22"]

1. d4 d6 2. e4 Nf6 3. Nc3 e5 4. dxe5 dxe5 5. Qxd8+ Kxd8 6. Nf3 Bd6 7. Bg5 h6 8. Bxf6+ gxf6 9. O-O-O h5 10. h4 Bg4 11. Be2 a6 12. Nd2 Be6 13. Bc4 Ke7 14. Nd5+ Bxd5 15. Bxd5 c6 16. Bb3 b5 17. a4 Nd7 18. Nf1 Nc5 19. f3 bxa4 20. Bc4 Rab8 21. Ne3 Bc7 22. Nf5+ Kf8 23. Rd2 Rg8 24. g3 Ne6 25. Rd7 Bb6 26. Rhd1 a3 27. bxa3 Bd4 28. Bxe6 fxe6 29. Nxd4 exd4 30. R1xd4 Rxg3 31. Rh7 Rxf3 32. Rdd7 Rg3 33. Rxh5 Ke8 34. Ra7 Rg8 35. Rhh7 c5 36. Rxa6 c4 37. Rxe6+ Kd8 38. Rd6+ Ke8 39. Rxf6 c3 40. Kd1 Rg2 41. Re6+ Kf8 42. Rc6 Rb1# 0-1


[Site "https://www.chess.com"]

[Event "Titled Tuesday Blitz February 14 Late 2023"]
[White "Carrasco Miranda, Andres"]
[Black "Aggelis, Nikolaos"]
[WhiteFideId "3405990"]
[BlackFideId "4213220"]
[WhiteElo "2240"]
[BlackElo "2270"]
[Result "0-1"]
[Round "03"]
[TimeControl "180+2"]
[Date "2023.02.14"]
[WhiteClock "0:01:17"]
[BlackClock "0:02:06"]

1. d4 Nf6 2. c4 g6 3. g3 d5 4. cxd5 Nxd5 5. Nf3 Bg7 6. Bg2 O-O 7. O-O Nc6 8. Nc3 e5 9. e4 Nxc3 10. bxc3 exd4 11. cxd4 Nxd4 12. Rb1 c6 13. Nxd4 Qxd4 14. Bb2 Qxd1 15. Rfxd1 Bg4 16. Bxg7 Kxg7 17. f3 Be6 18. Rxb7 Rfb8 19. Rxb8 Rxb8 20. Rd2 c5 21. Bf1 Rb1 22. Kf2 Ra1 23. Ke3 Rxf1 0-1


[Site "https://www.chess.com"]

[Event "Titled Tuesday Blitz February 14 Late 2023"]
[White "Papp, Levente"]
[Black "Melikhov, Evgeny V."]
[WhiteFideId "751243"]
[BlackFideId "4122046"]
[WhiteElo "2353"]
[BlackElo "2269"]
[Result "1-0"]
[Round "03"]
[TimeControl "180+2"]
[Date "2023.02.14"]
[WhiteClock "0:00:31"]
[BlackClock "0:00:08"]

1. b3 e5 2. Bb2 Nc6 3. c4 d5 4. cxd5 Qxd5 5. Nc3 Qd8 6. g3 Bg4 7. h3 Bh5 8. Bg2 Qd7 9. Rc1 Nf6 10. Nf3 a6 11. O-O Bd6 12. Ng5 O-O 13. Nge4 Nxe4 14. Nxe4 Nd4 15. g4 Bg6 16. Nc5 Bxc5 17. Rxc5 c6 18. Rxe5 Bc2 19. Qc1 Bg6 20. Qc4 Rad8 21. e3 Nb5 22. d4 Rfe8 23. Rxe8+ Rxe8 24. d5 cxd5 25. Qxd5 Qxd5 26. Bxd5 Be4 27. Rd1 Bxd5 28. Rxd5 f6 29. Rd7 b6 30. a4 1-0


[Site "https://www.chess.com"]

[Event "Titled Tuesday Blitz February 14 Late 2023"]
[White "Cori T., Deysi"]
[Black "Li, Hui"]
[WhiteFideId "3801934"]
[BlackFideId "15400310"]
[WhiteElo "2362"]
[BlackElo "1963"]
[Result "1-0"]
[Round "03"]
[TimeControl "180+2"]
[Date "2023.02.14"]
[WhiteClock "0:02:00"]
[BlackClock "0:01:03"]

1. Nf3 d5 2. d4 Nf6 3. c4 e6 4. Nc3 Be7 5. e3 O-O 6. Qc2 c5 7. dxc5 Bxc5 8. a3 Be7 9. Bd3 dxc4 10. Bxc4 a6 11. O-O b5 12. Rd1 Qc7 13. Bd3 Bb7 14. e4 Nbd7 15. Bg5 Rac8 16. Rac1 Ne5 17. Be2 Nxf3+ 18. Bxf3 e5 19. Qe2 Rfd8 20. Nd5 Nxd5 21. Rxc7 Nxc7 22. Bxe7 1-0


[Site "https://www.chess.com"]

[Event "Titled Tuesday Blitz February 14 Late 2023"]
[White "Hoffmann, Asa"]
[Black "Yedidia, Daniel"]
[WhiteFideId "2001470"]
[BlackFideId "30905907"]
[WhiteElo "2185"]
[BlackElo "2041"]
[Result "1-0"]
[Round "03"]
[TimeControl "180+2"]
[Date "2023.02.14"]
[WhiteClock "0:00:09"]
[BlackClock "0:00:27"]

1. d4 Nf6 2. Bg5 c5 3. d5 Qb6 4. Nc3 d6 5. e4 Bd7 6. Nf3 Qxb2 7. Bd2 Qb6 8. e5 dxe5 9. Nxe5 g6 10. Rb1 Qc7 11. Bf4 Qa5 12. Qd2 Nh5 13. Nc4 Qd8 14. Bg5 f6 15. Be3 Bc8 16. Bxc5 b6 17. Ba3 Bb7 18. Be2 Ng7 19. Bf3 Nd7 20. O-O Nf5 21. Rfe1 Bg7 22. g4 Nh4 23. Bh1 Ne5 24. Nxe5 fxe5 25. Qg5 Bf6 26. Qh6 Qc7 27. Nb5 Qd7 28. h3 a6 29. Nc3 Rc8 30. Ne4 Bxd5 31. Nxf6+ exf6 32. Qxh4 Bxh1 33. Qxf6 Qc6 34. Rxe5+ Kd7 35. Qe7# 1-0


[Site "https://www.chess.com"]

[Event "Titled Tuesday Blitz February 14 Late 2023"]
[White "Kostiukov, Alexandr"]
[Black "Petrovic, Aleksa"]
[WhiteFideId "14108100"]
[BlackFideId "967629"]
[WhiteElo "2271"]
[BlackElo "2332"]
[Result "1-0"]
[Round "03"]
[TimeControl "180+2"]
[Date "2023.02.14"]
[WhiteClock "0:00:58"]
[BlackClock "0:00:41"]

1. g3 Nf6 2. Bg2 e6 3. d3 d5 4. e4 Be7 5. Qe2 O-O 6. e5 Nfd7 7. Nf3 c5 8. O-O Nc6 9. h4 Qc7 10. Bf4 b5 11. a4 b4 12. c4 dxc4 13. dxc4 Ba6 14. b3 Rad8 15. Nbd2 Na5 16. Rab1 Nb8 17. Ne4 Nbc6 18. Qc2 h6 19. g4 Bb7 20. h5 Nd4 21. Nxd4 Rxd4 22. Rfe1 Rfd8 23. Be3 Nc6 24. f4 Qa5 25. g5 Rd3 26. gxh6 gxh6 27. Nf6+ Bxf6 28. exf6 Qc7 29. Be4 Rxe3 30. Qg2+ Kf8 31. Qg7+ Ke8 32. Rxe3 Qxf4 33. Qg8+ Kd7 34. Qxf7+ Kc8 35. Qxe6+ Kb8 36. Bxc6 Bxc6 37. Qe5+ Qxe5 38. Rxe5 Rg8+ 39. Kf1 Rg2 40. Re6 Rh2 41. Rxc6 Rh1+ 42. Kg2 Rxb1 43. f7 Rb2+ 44. Kf1 Rb1+ 45. Ke2 Rb2+ 46. Ke3 Rxb3+ 47. Ke4 1-0


[Site "https://www.chess.com"]

[Event "Titled Tuesday Blitz February 14 Late 2023"]
[White "Alfaro, William"]
[Black "Toncheva, Nadya"]
[WhiteFideId "6100457"]
[BlackFideId "2924056"]
[WhiteElo "2134"]
[BlackElo "2295"]
[Result "0-1"]
[Round "03"]
[TimeControl "180+2"]
[Date "2023.02.14"]
[WhiteClock "0:01:21"]
[BlackClock "0:00:25"]

1. e4 c5 2. Nf3 Nc6 3. d4 cxd4 4. Nxd4 g6 5. c4 Bg7 6. Be3 Nf6 7. Nc3 O-O 8. Be2 d6 9. O-O Bd7 10. Qd2 Nxd4 11. Bxd4 Bc6 12. f3 a5 13. Rac1 Nd7 14. Be3 Nc5 15. Rfd1 Qb6 16. b3 Rfc8 17. Qe1 h5 18. Bf1 Qb4 19. Ne2 Qxe1 20. Rxe1 Nd3 21. Nd4 Nxe1 22. Rxe1 Bd7 23. Rd1 Be6 24. a4 Bd7 25. Kf2 Kf8 26. Be2 e6 27. Nc2 Ke7 28. Bg5+ f6 29. Bf4 e5 30. Bd2 f5 31. Bd3 f4 32. g3 g5 33. h4 fxg3+ 34. Kxg3 gxh4+ 35. Kxh4 Bf6+ 36. Kg3 Rg8+ 37. Kh2 Rg7 38. Ne3 Be6 39. Bf1 Rag8 40. Bxa5 Bg5 41. Ng2 h4 42. Bd2 h3 43. Bxg5+ Rxg5 44. Ne3 Rg3 45. Be2 Rg2+ 46. Nxg2 Rxg2+ 47. Kh1 Rxe2 48. Rd3 Rf2 49. Rc3 Rb2 50. c5 dxc5 51. Rxc5 Kd6 52. Rb5 Rxb3 53. Ra5 Rxf3 0-1


[Site "https://www.chess.com"]

[Event "Titled Tuesday Blitz February 14 Late 2023"]
[White "Tworuszka, Michal"]
[Black "Piriflillo"]
[WhiteFideId "1117858"]
[WhiteElo "2260"]
[BlackElo "2322"]
[Result "0-1"]
[Round "03"]
[TimeControl "180+2"]
[Date "2023.02.14"]
[WhiteClock "0:01:23"]
[BlackClock "0:01:58"]

1. e4 e5 2. Nf3 Nc6 3. d4 exd4 4. Nxd4 Nf6 5. Nxc6 bxc6 6. Bd3 d5 7. exd5 cxd5 8. O-O Be7 9. Bg5 O-O 10. Nd2 c5 11. Re1 h6 12. Bh4 Be6 13. Nf3 Rb8 14. b3 c4 15. bxc4 dxc4 16. Bf1 Bb4 17. Re3 Qxd1 18. Rxd1 Nd5 19. Re4 Nc3 20. Rxe6 fxe6 21. Rd7 Rf7 22. Rxf7 Kxf7 23. Bxc4 Be7 24. Ne5+ Ke8 25. g3 g5 0-1


[Site "https://www.chess.com"]

[Event "Titled Tuesday Blitz February 14 Late 2023"]
[White "Pein, Jonathan"]
[Black "Andreassen, Lars"]
[WhiteFideId "417092"]
[BlackFideId "1504878"]
[WhiteElo "2265"]
[BlackElo "2168"]
[Result "1-0"]
[Round "03"]
[TimeControl "180+2"]
[Date "2023.02.14"]
[WhiteClock "0:02:08"]
[BlackClock "0:00:30"]

1. f4 d5 2. Nf3 g6 3. g3 Bg7 4. Bg2 Nf6 5. O-O O-O 6. d3 c5 7. Nc3 Nc6 8. e4 d4 9. Ne2 e5 10. h3 Qe7 11. a4 b6 12. fxe5 Nxe5 13. Nxe5 Qxe5 14. Bf4 Qe7 15. Qd2 Bb7 16. Bg5 Qe5 17. Qf4 Qxf4 18. gxf4 Nh5 19. Rf2 a5 20. Bf3 Nf6 21. e5 Nd5 22. Ng3 Rab8 23. Ne4 Nb4 24. Be7 Rfe8 25. Bd6 Ra8 26. Kf1 Bf8 27. Nf6+ Kg7 28. Nxe8+ Rxe8 29. Bxf8+ Kxf8 30. Bxb7 Rb8 31. Be4 1-0


[Site "https://www.chess.com"]

[Event "Titled Tuesday Blitz February 14 Late 2023"]
[White "Stanisz, Patryk"]
[Black "Pasti, Aron"]
[WhiteFideId "1123106"]
[BlackFideId "785857"]
[WhiteElo "2161"]
[BlackElo "2361"]
[Result "0-1"]
[Round "03"]
[TimeControl "180+2"]
[Date "2023.02.14"]
[WhiteClock "0:00:03"]
[BlackClock "0:01:28"]

1. d4 d5 2. c4 e6 3. Nc3 Nf6 4. Nf3 dxc4 5. e3 a6 6. Bxc4 b5 7. Bd3 Bb7 8. O-O Nbd7 9. Qe2 c5 10. Re1 Be7 11. b3 cxd4 12. exd4 O-O 13. Bg5 Nd5 14. Bd2 Rc8 15. Ne4 N7f6 16. Ne5 Nxe4 17. Qxe4 g6 18. Bh6 Re8 19. Nxf7 Qb6 20. Ng5 Nb4 21. Qe5 Bf8 22. Bxf8 Rxf8 23. Nxe6 Rf7 24. Be4 Bxe4 25. Qxe4 Re8 26. Rad1 Rf6 27. Qg4 Rfxe6 28. Rxe6 Qxe6 29. Qxe6+ Rxe6 30. d5 Nxd5 31. h3 Nc3 0-1


[Site "https://www.chess.com"]

[Event "Titled Tuesday Blitz February 14 Late 2023"]
[White "Real_OceanStorm"]
[Black "Liu, Casper"]
[BlackFideId "1454153"]
[WhiteElo "2766"]
[BlackElo "2278"]
[Result "0-1"]
[Round "03"]
[TimeControl "180+2"]
[Date "2023.02.14"]
[WhiteClock "0:01:47"]
[BlackClock "0:01:17"]

1. b3 Nf6 2. Bb2 Nc6 3. e3 b6 4. d4 Bb7 5. Nf3 e6 6. c4 d5 7. Nbd2 Bb4 8. Bd3 Ne7 9. O-O c5 10. a3 Bxd2 11. Qxd2 O-O 12. dxc5 bxc5 13. Qc3 Rb8 14. Ne5 Ng6 15. Nxg6 hxg6 16. b4 Ba6 17. Rfc1 dxc4 18. Bxc4 cxb4 19. Qe1 Bxc4 20. Rxc4 b3 21. Rac1 Nd5 22. Rc5 Qd7 23. R5c4 Rfc8 24. Bd4 Rxc4 25. Rxc4 b2 26. Qb1 Qb5 27. Rc5 Qxc5 28. Bxc5 Nc3 0-1


[Site "https://www.chess.com"]

[Event "Titled Tuesday Blitz February 14 Late 2023"]
[White "Nefedov, Sergey"]
[Black "FuenfgegenWilly"]
[WhiteFideId "24113417"]
[WhiteElo "2300"]
[BlackElo "2322"]
[Result "1-0"]
[Round "03"]
[TimeControl "180+2"]
[Date "2023.02.14"]
[WhiteClock "0:01:23"]
[BlackClock "0:00:58"]

1. e4 c6 2. Nc3 g6 3. Nf3 Bg7 4. d4 d5 5. e5 f6 6. Bf4 Nh6 7. Bd3 Bf5 8. O-O O-O 9. Bxh6 Bxh6 10. Bxf5 gxf5 11. e6 Qd6 12. Re1 Kh8 13. Qd3 Qf4 14. Ne2 Qg4 15. Ng3 Rg8 16. Qxf5 Na6 17. Qxg4 Rxg4 18. h3 Rgg8 19. Nf5 Bf8 20. c3 Nc7 21. Kh2 Rd8 22. g4 Ne8 23. N3h4 Nd6 24. Nxd6 Rxd6 25. Nf5 Rd8 26. b4 h5 27. Rg1 hxg4 28. hxg4 Kh7 29. Kg3 Kg6 30. Rh1 Rg7 31. Rh6+ Kg5 32. f4# 1-0


[Site "https://www.chess.com"]

[Event "Titled Tuesday Blitz February 14 Late 2023"]
[White "Vaglio Munoz, Jaime"]
[Black "Golubev, Mikhail"]
[WhiteFideId "6500145"]
[BlackFideId "14100983"]
[WhiteElo "2174"]
[BlackElo "2461"]
[Result "1-0"]
[Round "03"]
[TimeControl "180+2"]
[Date "2023.02.14"]
[WhiteClock "0:02:01"]
[BlackClock "0:00:01"]

1. d4 Nf6 2. g3 c5 3. d5 e6 4. dxe6 fxe6 5. c4 d5 6. Bg2 d4 7. e3 Nc6 8. Ne2 d3 9. Nf4 Nb4 10. Na3 e5 11. Nh5 Bf5 12. O-O Nxh5 13. Qxh5+ g6 14. Qd1 e4 15. Bd2 Bg7 16. Bxb4 cxb4 17. Qa4+ Qd7 18. Qxb4 h5 19. c5 Qe7 20. Nc4 O-O 21. Nd6 1-0


[Site "https://www.chess.com"]

[Event "Titled Tuesday Blitz February 14 Late 2023"]
[White "Sanchez Alvares, Kelvin Antonio"]
[Black "Bogaudinov, Rushan"]
[WhiteFideId "3906680"]
[BlackFideId "4129288"]
[WhiteElo "2243"]
[BlackElo "1939"]
[Result "1-0"]
[Round "03"]
[TimeControl "180+2"]
[Date "2023.02.14"]
[WhiteClock "0:00:42"]
[BlackClock "0:00:01"]

1. e4 c5 2. Nf3 d6 3. d4 cxd4 4. Nxd4 Nf6 5. f3 a6 6. c4 Nc6 7. Nc3 Bd7 8. Be3 g6 9. Qd2 Bg7 10. Nc2 O-O 11. Be2 Rc8 12. O-O Ne5 13. b3 Qa5 14. a4 Rfe8 15. Nd4 Nc6 16. Nc2 Qd8 17. Rac1 h5 18. Kh1 Ne5 19. f4 Neg4 20. Bg1 Bc6 21. Bf3 Qa5 22. b4 Qd8 23. a5 e6 24. Rfd1 Qe7 25. Nd4 Red8 26. Nb3 Bh6 27. h3 Ne5 28. fxe5 Bxd2 29. exf6 Qxf6 30. Nxd2 Qe7 31. Bb6 Re8 32. Nb3 d5 33. Bc5 Qf6 34. cxd5 exd5 35. exd5 Bb5 36. Ne4 Qe5 37. Nd6 Bd7 38. Nxe8 Qxe8 39. Re1 Qd8 40. Nd4 Qg5 41. d6 1-0


[Site "https://www.chess.com"]

[Event "Titled Tuesday Blitz February 14 Late 2023"]
[White "WindWhistler11"]
[Black "Sonnenschein, Philipp"]
[BlackFideId "16250877"]
[WhiteElo "2627"]
[BlackElo "2224"]
[Result "1-0"]
[Round "03"]
[TimeControl "180+2"]
[Date "2023.02.14"]
[WhiteClock "0:00:02"]
[BlackClock "0:00:03"]

1. Nf3 g6 2. g3 Bg7 3. c4 e5 4. Bg2 Nc6 5. Nc3 Nge7 6. h4 d6 7. d3 h6 8. Rb1 a5 9. a3 Bg4 10. Nh2 Be6 11. b4 axb4 12. axb4 Qd7 13. b5 Na5 14. Bd2 O-O 15. Nd5 Nxd5 16. cxd5 Bh3 17. Bf3 h5 18. b6 cxb6 19. Rxb6 Qc7 20. Qb1 e4 21. Bxe4 Nc4 22. dxc4 Ra1 23. Nf3 Rxb1+ 24. Rxb1 Bd7 25. Bd3 Ra8 26. O-O Ra2 27. Rb3 Bg4 28. Be3 Rb2 29. Ra3 Qe7 30. Ra8+ Bf8 31. Bh6 Bxf3 32. exf3 Rd2 33. Bxf8 Qd7 34. Be7+ Kg7 35. Bf8+ Kf6 36. Bb1 Qh3 37. Bh6 Rd4 38. Rg8 Rxc4 39. Bg5+ Ke5 40. Rd1 1-0


[Site "https://www.chess.com"]

[Event "Titled Tuesday Blitz February 14 Late 2023"]
[White "Ardila, Oscar Humberto"]
[Black "Donskov, Anatoly"]
[WhiteFideId "4404742"]
[BlackFideId "24143413"]
[WhiteElo "1982"]
[BlackElo "2279"]
[Result "0-1"]
[Round "03"]
[TimeControl "180+2"]
[Date "2023.02.14"]
[WhiteClock "0:00:25"]
[BlackClock "0:00:25"]

1. d4 d5 2. Nf3 Nf6 3. g3 Bf5 4. Bg2 e6 5. O-O h6 6. Nbd2 c6 7. b3 Nbd7 8. Bb2 Be7 9. c4 O-O 10. Rc1 Re8 11. Ne5 a5 12. f4 a4 13. c5 axb3 14. axb3 Ra2 15. Bc3 Nxe5 16. fxe5 Ne4 17. Nxe4 dxe4 18. e3 Qd5 19. Rf2 Rea8 20. Bf1 Bg5 21. Bc4 Qd8 22. Qe1 b5 23. cxb6 Qxb6 24. Rxa2 Rxa2 25. Ra1 Qa7 26. Rxa2 Qxa2 27. Qd2 Qb1+ 28. Kf2 Qh1 29. h4 Qf3+ 30. Ke1 Qxg3+ 31. Qf2 Bxh4 32. Qxg3 Bxg3+ 33. Kf1 Bh3+ 34. Kg1 Bg4 35. Ba6 h5 36. Kg2 h4 37. Bb7 Bf3+ 38. Kh3 g5 39. Bxc6 g4# 0-1


[Site "https://www.chess.com"]

[Event "Titled Tuesday Blitz February 14 Late 2023"]
[White "Strahov, Andrej"]
[Black "Leonte, Sebastian-Marian"]
[WhiteFideId "4165489"]
[BlackFideId "1268767"]
[WhiteElo "2398"]
[BlackElo "1279"]
[Result "1-0"]
[Round "03"]
[TimeControl "180+2"]
[Date "2023.02.14"]
[WhiteClock "0:01:16"]
[BlackClock "0:00:02"]

1. g3 d5 2. Bg2 c6 3. b3 Nf6 4. Bb2 Bf5 5. c4 e6 6. d3 Be7 7. Nf3 O-O 8. O-O a5 9. cxd5 exd5 10. Nc3 Bg6 11. Re1 Nbd7 12. e4 Nc5 13. Qe2 dxe4 14. dxe4 Qd3 15. Ne5 Qxe2 16. Rxe2 Rfd8 17. Nxg6 hxg6 18. e5 Nfd7 19. Rae1 Nf8 20. Ba1 Nfe6 21. f4 a4 22. b4 Nd3 23. Rd1 Nxb4 24. Rb1 a3 25. h3 Rd7 26. Ne4 Rad8 27. Kh2 Rd1 28. Re1 Rxe1 29. Rxe1 Nxa2 30. Re3 Nc1 31. Nd6 Bxd6 32. exd6 Rxd6 33. Rxa3 Rd2 34. Bc3 Rc2 35. Be5 Nd3 36. Rxd3 b5 37. Rd6 c5 38. Kg1 b4 39. Be4 Rc1+ 40. Kf2 c4 41. f5 gxf5 42. Bxf5 c3 43. Rb6 Ng5 44. Rb8# 1-0


[Site "https://www.chess.com"]

[Event "Titled Tuesday Blitz February 14 Late 2023"]
[White "Bochnicka, Vladimir"]
[Black "Georg, Heinz"]
[WhiteFideId "14943450"]
[BlackFideId "4607295"]
[WhiteElo "2327"]
[BlackElo "2107"]
[Result "1-0"]
[Round "03"]
[TimeControl "180+2"]
[Date "2023.02.14"]
[WhiteClock "0:00:41"]
[BlackClock "0:00:12"]

1. e4 e5 2. Nf3 Nc6 3. Bc4 Nf6 4. d3 d5 5. exd5 Nxd5 6. O-O Nb6 7. Bb3 Bg4 8. Re1 Be7 9. h3 Bxf3 10. Qxf3 f6 11. c3 Qd6 12. Nd2 O-O-O 13. Bc2 Qd5 14. Ne4 Kb8 15. a4 a5 16. Be3 g6 17. c4 Qe6 18. Rad1 Nd4 19. Bxd4 Rxd4 20. Nd2 f5 21. Nb3 Rdd8 22. Nxa5 c6 23. c5 Bxc5 24. Bb3 Nd5 25. d4 Bb6 26. Rxe5 Qd6 27. Nc4 Qc7 28. a5 Bxa5 29. Ra1 Bb6 30. Bd1 Bxd4 31. Qa3 Kc8 32. Re6 Kd7 33. Rd6+ Ke8 34. Bf3 Rxd6 35. Nxd6+ Kd7 36. Nc4 Re8 37. Rd1 1-0


[Site "https://www.chess.com"]